 Dungeon Crawl Stone Soup version 0.30-a0-802-gb92711bcdf (webtiles) character file.

Game seed: 14348842730130379878

463 cforsyth the Sneak (level 7, -1/44 HPs)
             Began as a Kobold Brigand on Feb 24, 2023.
             Slain by an ice beast (12 damage)
             ... on level 5 of the Dungeon.
             The game lasted 00:04:58 (3980 turns).

cforsyth the Sneak (Kobold Brigand)                 Turns: 3980, Time: 00:04:58

Health: -1/44      AC:  4    Str:  8    XL:     7   Next: 29%
Magic:  7/7        EV: 16    Int: 13    God:
Gold:   138        SH:  0    Dex: 18    Spells: 6/6 levels left

rFire   . . .      SeeInvis .    a - +2 dagger
rCold   . . .      Faith    .    (no shield)
rNeg    . . .      Spirit   .    b - +0 robe
rPois   .          Reflect  .    (no helmet)
rElec   .          Harm     .    c - +0 cloak
rCorr   .          Rampage  .    h - +0 pair of gloves
Will    .....                    (no boots)
Stlth   +++++                    (no amulet)
HPRegen 0.27/turn                (no ring)
MPRegen 0.10/turn                (no ring)

@: no status effects
A: small, no large weapons, nightstalker 3
a: no special abilities


You were on level 5 of the Dungeon.
You visited 1 branch of the dungeon, and saw 5 of its levels.

You collected 138 gold pieces.

Inventory:

Hand Weapons
 a - a +2 dagger (weapon)
Missiles
 d - 15 poisoned darts (quivered)
 e - 3 curare-tipped darts
 n - a throwing net
Armour
 b - a +0 robe (worn)
 c - a +0 cloak (worn)
 h - a +0 pair of gloves (worn)
Scrolls
 g - a scroll of torment
 k - a scroll of magic mapping {unknown}
 q - a scroll of teleportation
 r - a scroll of enchant weapon {unknown}
 s - a scroll of amnesia {unknown}
Potions
 i - a potion of magic
 l - a potion of might
 m - 2 potions of brilliance
 o - 3 potions of curing
 p - a potion of mutation


   Skills:
 + Level 4.3 Fighting
 + Level 5.3 Short Blades
 - Level 2.1 Throwing
 + Level 4.3 Dodging
 + Level 7.4 Stealth


You had 6 spell levels left.
You didn't know any spells.
Your spell library contained the following spells:

 Spells                   Type           Power      Damage    Failure   Level
 Shock                    Conj/Air       0%         1d3       30%         1
 Gell's Gravitas          Tloc           0%         N/A       67%         3
 Swiftness                Air            0%         N/A       67%         3
 Teleport Other           Tloc           0%         N/A       67%         3
 Airstrike                Air            0%         2d(0-16)  97%         4
 Dispersal                Tloc           0%         N/A       100%        6


Dungeon Overview and Level Annotations

Branches:
Dungeon (5/15)
 Temple: D:4-7

Altars:
Ashenzari
Elyvilon
Nemelex Xobeh
Qazlal
Vehumet
Zin


Innate Abilities, Weirdness & Mutations

You are small and have problems with some larger weapons.
You are completely attuned to the shadows.


Message History

You closely miss the ice beast.
The ice beast is moderately wounded.
The ice beast barely misses you.
You hit the ice beast but do no damage.
The ice beast is moderately wounded.
The ice beast misses you.
You hit the ice beast.
The ice beast is moderately wounded.
The ice beast closely misses you.
You hit the ice beast.
The ice beast is heavily wounded.
You barely miss the ice beast.
The ice beast is heavily wounded.
The ice beast closely misses you.
You barely miss the ice beast.
The ice beast is heavily wounded.
The ice beast misses you.
You hit the ice beast but do no damage.
The ice beast is heavily wounded.
The ice beast hits you. The ice beast freezes you!
You hit the ice beast.
The ice beast is heavily wounded.
You completely miss the ice beast.
The ice beast is heavily wounded.
The ice beast hits you. The ice beast freezes you.
You hit the ice beast but do no damage.
The ice beast is heavily wounded.
The ice beast closely misses you.
You hit the ice beast.
The ice beast is heavily wounded.
The ice beast hits you. The ice beast freezes you!
* * * LOW HITPOINT WARNING * * *
You hit the ice beast.
The ice beast is heavily wounded.
The ice beast barely misses you. The ice beast attacks as you move away!
The ice beast completely misses you. The ice beast attacks as you move away!
The ice beast hits you.
* * * LOW HITPOINT WARNING * * *
The ice beast freezes you!
You die...

..####.#####
### #.. ###
#.# #.#.#
#.#.# #.#.#
#Y#.#
###@#.#
.......#
##.....#
.^.....#
##.....#
##...## #.#
##.## #.#
#.# #.# #.#


You could see an ice beast.

Vanquished Creatures
  A centaur (D:5)
  A scorpion (D:5)
  A jelly (D:4)
  2 orc priests (D:4)
  A hound (D:5)
  An iguana (D:5)
  2 orc wizards (D:4)
  3 adders
  A shadow imp (D:4)
  4 worms
  3 dart slugs
  9 orcs
  9 ball pythons
  6 endoplasms
  4 giant cockroaches
  6 goblins
  3 hobgoblins
  2 jackals (D:5)
  8 kobolds
  4 quokkas
  3 bats
  2 frilled lizards
  2 rats
78 creatures vanquished.

Notes
Turn   | Place    | Note
-------+----------+-------------------------------------------
     0 | D:1      | cforsyth the Kobold Brigand began the quest for the Orb.
     0 | D:1      | Reached XP level 1. HP: 12/12 MP: 1/1
   128 | D:1      | Reached XP level 2. HP: 18/18 MP: 2/2
   788 | D:2      | Reached XP level 3. HP: 22/22 MP: 3/3
  1326 | D:2      | Reached XP level 4. HP: 27/27 MP: 4/4
  1545 | D:3      | Reached skill level 6 in Stealth
  1871 | D:4      | Reached XP level 5. HP: 7/32 MP: 5/5
  2389 | D:3      | Found a radiant altar of Vehumet.
  2398 | D:3      | Found a stormy altar of Qazlal.
  2398 | D:3      | Found a white marble altar of Elyvilon.
  2398 | D:3      | Found a broken altar of Ashenzari.
  2400 | D:3      | Found a sparkling altar of Nemelex Xobeh.
  2461 | D:3      | Found a glowing silver altar of Zin.
  2586 | D:4      | Reached XP level 6. HP: 37/37 MP: 6/6
  3487 | D:5      | Entered Level 5 of the Dungeon
  3609 | D:5      | Reached skill level 7 in Stealth
  3671 | D:5      | Reached skill level 5 in Short Blades
  3700 | D:5      | Reached XP level 7. HP: 7/43 MP: 7/7
  3701 | D:5      | HP: 1/43 [centaur (6)]
  3980 | D:5      | Slain by an ice beast

Illustrated notes

Levels and vault maps discovered:
D:1:      dpeg_arrival_pond, layout_basic
D:2:      layout_basic
D:3:      layout_loops_ring, minitemple, lemuel_tele_altar,
          kennysheep_generic_room_9
D:4:      layout_loops_ring
D:5:      layout_loops_ring

Skill      XL: |  1  2  3  4  5  6 |
---------------+-------------------+-----
Short Blades   | 3 4 5 |  5.3
Dodging        | 2 3 4 |  4.3
Fighting       | 3 4 |  4.3
Stealth        | 6 7 |  7.4
Throwing       | |  2.1

Action                     |  1- 3 |  4- 6 |  7- 9 || total
---------------------------+-------+-------+-------++-------
  Melee: Dagger            |    46 |   156 |    52 ||   254
         Punch             |       |     4 |     1 ||     5
    Use: Potion            |       |     1 |     1 ||     2
         Scroll            |       |     8 |       ||     8
   Stab: Sleeping          |    21 |    23 |       ||    44
 Armour: Robe              |     1 |    22 |    21 ||    44
  Dodge: Dodged            |    11 |    95 |    61 ||   167

Table legend: (Time is in decaauts)
 A = Elapsed time spent in this place.
 B = Non-inter-level travel time spent in this place.
 C = Inter-level travel time spent in this place.
 D = Time resting spent in this place.
 E = Time spent auto-exploring this place.
 F = Levels seen in this place.
 G = Mean time per level.
                   A        B        C        D        E       F      G
               +--------+--------+--------+--------+--------+-----+--------+
         Total |   3938 |   3845 |     93 |    509 |   2808 |   5 |  787.6 |
       Dungeon |   3938 |   3845 |     93 |    509 |   2808 |   5 |  787.6 |
               +--------+--------+--------+--------+--------+-----+--------+

Top non-repeatable levels by time:
     D:4: 1186 daAuts
     D:3: 794 daAuts
     D:1: 779 daAuts
     D:2: 715 daAuts
     D:5: 463 daAuts
